 Dungeon Sprint DCSS version 0.31-a0-1278-g11c5b68f87 (webtiles) character file.

Game seed: 6309513415914549023

903 bmb222 the Grappler (level 7, -2/81 HPs)
             Began as a Demonspawn Shapeshifter on Dec 17, 2023.
             Was an Initiate of Jiyva.
             Slain by a yaktaur (17 damage)
             ... in the Dungeon (Sprint II: "The Violet Keep of Menkaure").
             The game lasted 00:03:09 (789 turns).

bmb222 the Grappler (Demonspawn Shapeshifter)        Turns: 789, Time: 00:03:10

Health: -2/81      AC:  3    Str: 20    XL:     7   Next: 80%
Magic:  7/7        EV: 17    Int: 10    God:    Jiyva [......]
Gold:   368        SH:  0    Dex:  9    Spells: 6/6 levels left

rFire   . .          .
                       - Unarmed
rCold   x . .        (shield currently unavailable)
rNeg    . . .        a - melded +0 animal skin
rPois   .            (no helmet)
rElec   .            f - +0 cloak
rCorr   .            k - +0 pair of gloves {Stlth+}
SInv    .            e - +0 pair of boots
Will    .....        (no amulet) Stlth
                     (no ring)
HPRegen 0.33/turn    (no ring)
MPRegen 0.10/turn

%: no teleportation
@: berserking, lethally poisoned (-2 -> -6), flux-form, slowed, glowing
A: glow, contaminating, claws 1, hooves 1, powered by pain 2, demonic magic 1,
clumsy 1, screaming 1, strong 1, cold vulnerability 1
a: Begin Untransformation, Renounce Religion


You were in the Dungeon.
You worshipped Jiyva.
Jiyva was noncommittal.
You were something dangerously unstable.
You visited 1 branch You collected 729 gold pieces.
You spent 361 gold pieces at shops.

Inventory:

Armour
 a - a +0 animal skin (melded)
 e - a +0 pair of boots (worn)
 f - a +0 cloak (worn)
 k - a +0 pair of gloves of stealth (worn)
Talismans
 c - a beast talisman
 d - a flux talisman (active)
Scrolls
 j - a scroll of blinking
Potions
 b - a potion of lignification
 g - a potion of haste
 h - 2 potions of magic


   Skills:
 * Level 4.3 Fighting
 * Level 3.5 Armour
 + Level 4.6 Dodging
 + Level 0.5 Stealth
 + Level 10.4 Unarmed Combat
 + Level 9.6 Shapeshifting


You had 6 spell levels left.
You didn't know any spells.
Your spell library was empty.

Dungeon Overview and Level Annotations

Branches:
Dungeon (1/1)

Altars:
Cheibriados
Dithmenos
Fedhas
Gozag
Hepliaklqana
Kikubaaqudgha
Makhleb
Nemelex Xobeh
Okawaru
Qazlal
Ru
Sif Muna
Trog
Uskayaw
Vehumet
Wu Jian
Xom
Yredelemnul
Jiyva
Lugonu

Shops:
D !!:=*==[:?[[([!

Annotations:
D exclusions: oklob plant and orange crystal statue


Innate Abilities, Weirdness & Mutations

You are something dangerously unstable.
You glow with magical radiation, making you easy to see and hit.
Foes you strike become dangerously contaminated with magical radiation.
You are incapable of wielding weapons or throwing items.
You have sharp fingernails.
You have large cloven feet.
You sometimes gain power by taking damage.
Spells you cast may paralyse adjacent enemies.
You are clumsy. (Dex -2)
You occasionally shout uncontrollably at your foes.
Your muscles are strong. (Str +4, Int/Dex -1)
You are vulnerable to cold. (rC-)


Message History

You punch the hornet!
The hornet begins to glow.
The hornet is moderately wounded.
The hornet stings you.
You feel yourself slow down.
Unknown command.
A red film seems to cover your vision as you go berserk!
You feel yourself moving faster!
You feel mighty!
You feel yourself speed up. The hornet stings you!
You are poisoned.
You feel yourself slow down. The hornet stings you.
You feel as though you will be slow longer.
You punch the hornet!
The hornet glows dangerously bright.
The hornet is heavily wounded.
You feel very sick. The hornet closely misses you.
Unknown command.
The polar bear growls angrily.
You hit the hornet.
The hornet shudders as magic cascades through it!!
You kill the hornet!
You feel sick.
The yaktaur wields a +0 arbalest.
The yaktaur shoots a bolt.
The bolt hits you!!
Your Fighting skill increases to level 4!
Your Armour skill increases to level 3!
Your Unarmed Combat skill increases to level 10!
Unknown command.
You feel sick.
The yaktaur unwields a +0 arbalest.
The yaktaur hits you!
* * * LOW HITPOINT WARNING * * *
There is a hazy altar of Hepliaklqana, spattered with blood here.
You see here a hornet corpse.
You punch the yaktaur!
The yaktaur begins to glow.
The yaktaur is moderately wounded.
You feel sick.
Unknown command.
Press < or > to pray at altars.
You are too berserk!
You hit the yaktaur.
The yaktaur glows dangerously bright.
The yaktaur is moderately wounded.
You feel sick. The yaktaur hits you!
You die...

+###.##......~yhh~~~~~~~~
#B ###~~§§...~#'########+
..#~~~~~~~..~#..._._._#~
$##~~~~§~~§.~#_._._._.#~
##~~~≈≈§~~~~~#._._._._#~
~~~~~≈§§≈~~~#_h_._._.#~ #
§'#~≈≈≈≈≈≈§§#._._._..#~ ~
##§≈§###§§#_c_._...#~
#§§#.p._....#§
#≈≈#.._.....#~
≈≈≈§≈≈##########~
#######~~~~~~~~~≈
≈≈SS###~########≈
≈≈≈SS##~# ≈≈§≈SS+~#
§≈≈≈≈#### §≈≈≈#


You could see a polar bear, a yaktaur (heavy contam) and 6 electric eels.

Vanquished Creatures
  A hornet (D)
  3 neqoxecs (D)
  A crocodile (D)
  4 scorpions (D)
  3 worms (D)
12 creatures vanquished.

Vanquished Creatures (others)
  A neqoxec (D)
  A crocodile (D)
2 creatures vanquished.

Grand Total: 14 creatures vanquished

Notes
Turn   | Place    | Note
-------+----------+-------------------------------------------
     0 | D        | bmb222 the Demonspawn Shapeshifter began the quest for the
                  | Orb.
     0 | D        | Reached XP level 1. HP: 15/15 MP: 1/1
     1 | D        | Noticed a neqoxec
     1 | D        | Noticed a neqoxec
     4 | D        | Gained mutation: You are clumsy. (Dex -2) [a neqoxec]
     7 | D        | Gained mutation: You occasionally shout uncontrollably at
                  | your foes. [a neqoxec]
    13 | D        | Killed a neqoxec
    14 | D        | Reached skill level 6 in Unarmed Combat
    14 | D        | Discovered your monstrous ancestry.
    14 | D        | Gained mutation: You have large cloven feet. [demonic
                  | ancestry]
    14 | D        | Reached XP level 2. HP: 7/21 MP: 0/2
    14 | D        | Gained mutation: You sometimes gain a little power by
                  | taking damage. [demonic ancestry]
    14 | D        | Reached XP level 3. HP: 9/26 MP: 0/3
    14 | D        | Gained mutation: Spells you cast may paralyse adjacent
                  | enemies. [demonic ancestry]
    14 | D        | Reached XP level 4. HP: 12/32 MP: 0/4
    15 | D        | Gained mutation: You are vulnerable to cold. (rC-) [a
                  | neqoxec]
    16 | D        | Killed a neqoxec
    17 | D        | Reached skill level 7 in Unarmed Combat
    17 | D        | Gained mutation: You have sharp fingernails. [demonic
                  | ancestry]
    17 | D        | Reached XP level 5. HP: 14/37 MP: 0/5
    45 | D        | Noticed a neqoxec
    50 | D        | Gained mutation: Your muscles are strong. (Str +4, Int/Dex
                  | -1) [a neqoxec]
    51 | D        | Killed a neqoxec
    52 | D        | Reached skill level 8 in Unarmed Combat
    52 | D        | Gained mutation: You sometimes gain power by taking damage.
                  | [demonic ancestry]
    52 | D        | Reached XP level 6. HP: 32/43 MP: 3/6
   140 | D        | Killed a neqoxec
   214 | D        | Noticed an orange crystal statue
   224 | D        | Reached skill level 1 in Armour
   224 | D        | Reached skill level 9 in Unarmed Combat
   234 | D        | Reached XP level 7. HP: 22/51 MP: 7/7
   349 | D        | Found Huttidi's Distillery.
   349 | D        | Found Fagan's Antique Armour Boutique.
   349 | D        | Found Gosch's Antique Armour Shop.
   349 | D        | Found Alinaur's Antique Armour Shop.
   349 | D        | Found Qoestit's Book Boutique.
   349 | D        | Found Zeluh's Magic Scroll Boutique.
   349 | D        | Found Pieb's Armour Shop.
   350 | D        | Found Gotoc's Jewellery Shop.
   351 | D        | Found Tieb's Jewellery Shop.
   352 | D        | Found Zes Gasa's Antique Weapon Boutique.
   352 | D        | Noticed a wyvern
   352 | D        | Noticed a wyvern
   353 | D        | Found Woivio's Assorted Antiques.
   353 | D        | Found Sifongal's Jewellery Boutique.
   353 | D        | Noticed a wyvern
   353 | D        | Noticed an oklob plant
   354 | D        | Found Ammesch's Distillery.
   354 | D        | Found Ehes's Distillery.
   354 | D        | Found Rotwips's Book Shoppe.
   355 | D        | Noticed an ice dragon
   358 | D        | Noticed a yak
   358 | D        | Noticed a yak
   365 | D        | Bought a +0 pair of boots for 58 gold pieces
   365 | D        | Bought a +0 cloak for 58 gold pieces
   383 | D        | Noticed a yak
   493 | D        | Bought a potion of berserk rage for 50 gold pieces
   496 | D        | Bought a pair of embroidered gloves for 195 gold pieces
   698 | D        | Noticed a boulder beetle
   698 | D        | Noticed a boulder beetle
   714 | D        | Found an ornate altar of the Wu Jian Council.
   717 | D        | Found a shimmering altar of Xom.
   717 | D        | Found a sacrificial altar of Ru.
   718 | D        | Found a basalt altar of Yredelemnul.
   718 | D        | Found a shimmering blue altar of Sif Muna.
   719 | D        | Found a bloodstained altar of Trog.
   719 | D        | Found an ancient bone altar of Kikubaaqudgha.
   719 | D        | Found a stormy altar of Qazlal.
   719 | D        | Found a viscous altar of Jiyva.
   720 | D        | Found a hide-covered altar of Uskayaw.
   720 | D        | Found a corrupted altar of Lugonu.
   720 | D        | Found a shadowy altar of Dithmenos.
   721 | D        | Found a radiant altar of Vehumet.
   721 | D        | Found a burning altar of Makhleb.
   722 | D        | Found a sparkling altar of Nemelex Xobeh.
   722 | D        | Found a blossoming altar of Fedhas.
   724 | D        | Found an iron altar of Okawaru.
   724 | D        | Found an opulent altar of Gozag.
   724 | D        | Found a hazy altar of Hepliaklqana.
   724 | D        | Found a snail-covered altar of Cheibriados.
   724 | D        | Noticed a hornet
   724 | D        | Noticed a polar bear
   724 | D        | Noticed a polar bear
   725 | D        | Noticed a yaktaur
   732 | D        | Became a worshipper of Jiyva Jodohami the Shapeless
   786 | D        | Killed a hornet
   787 | D        | Reached skill level 10 in Unarmed Combat
   789 | D        | Slain by a yaktaur

Illustrated notes

Levels and vault maps discovered:
D:        the_violet_keep_of_menkaure [sprint2_stairs_cluster_1,
          sprint2_shoproom, sprint2_temple, sprint2_basic_supplies,
          sprint2_obstacle_6, sprint2_obstacle_7, sprint2_obstacle_4,
          sprint2_obstacle_2, sprint2_obstacle_1, sprint2_timed_cluster_1,
          sprint2_smallroom_cluster_1, sprint2_smallroom_final_cluster_1,
          sprint2_transparent_cluster_1, sprint2_second_timed_cluster_1,
          sprint2_sniper_area_1, sprint2_heavy_combat_area_1,
          sprint2_mutation_trap_area_1, sprint2_forest_area_1,
          sprint2_light_combat_area_1, sprint2_behind_water_1,
          sprint2_near_end_vault_1]

Skill      XL: |  1  2  3  4  5  6  7 |
---------------+----------------------+-----
Dodging        | 3 4 |  4.6
Unarmed Combat | 6 7 8 9 10 | 10.4
Shapeshifting  | 6 7 8 9 |  9.6
Fighting       | 2 4 |  4.3
Armour         | 1 3 |  3.5
Stealth        | |  0.5

Action                     |  1- 3 |  4- 6 |  7- 9 || total
---------------------------+-------+-------+-------++-------
  Melee: Unarmed           |    11 |    30 |    12 ||    53
         Punch             |     1 |     1 |       ||     2
         Kick              |       |     7 |     3 ||    10
    Use: Potion            |     1 |     1 |     2 ||     4
 Armour: Animal skin       |     1 |    13 |     4 ||    18
         Skin              |       |       |     7 ||     7
  Dodge: Dodged            |     2 |     4 |     4 ||    10
   Form: Flux              |       |       |     1 ||     1

Table legend: (Time is in decaauts)
 A = Elapsed time spent in this place.
 B = Non-inter-level travel time spent in this place.
 C = Inter-level travel time spent in this place.
 D = Time resting spent in this place.
 E = Time spent auto-exploring this place.
 F = Levels seen in this place.
 G = Mean time per level.
                   A        B        C        D        E       F      G
               +--------+--------+--------+--------+--------+-----+--------+
         Total |    793 |    793 |      0 |    592 |      0 |   1 |  793.0 |
       Dungeon |    793 |    793 |      0 |    592 |      0 |   1 |  793.0 |
               +--------+--------+--------+--------+--------+-----+--------+

Top non-repeatable levels by time:
       D: 793 daAuts
